 Dungeon Crawl Stone Soup version 0.26.0-18-gc5c842f807 (webtiles) character file.

Game seed: 10935711176649061017

701 EnegeticOcto the Grave Robber (level 7, -7/58 HPs)
             Began as a Palentonga Necromancer on Jan 23, 2021.
             Mangled by a centaur
             ... wielding a +0 falchion
              (18 damage)
             ... on level 5 of the Dungeon.
             The game lasted 00:09:43 (6620 turns).

EnegeticOcto the Grave Robber (PaNe)                Turns: 6620, Time: 00:09:43

Health: -7/58      AC: 11    Str: 13    XL:     7   Next: 38%
Magic:  1/10       EV: 10    Int: 16    God:
Gold:   242        SH:  0    Dex: 16    Spells: 5/10 levels left

rFire    . . .     SeeInvis +   a - staff of death
rCold    . . .     Faith    .   (no shield)
rNeg     + . .     Spirit   .   e - +0 robe
rPois    +         Reflect  .   (no helmet)
rElec    .         Harm     .   (no cloak)
rCorr    .         Rampage  .   (no gloves)
Will     .....                  (no barding)
Stlth    ++........             (no amulet)
HPRegen  0.19/turn              f - ring of poison resistance
MPRegen  0.12/turn              j - +6 ring of dexterity

@: curled up
A: large, rugged brown scales 3, see invisible, deformed body, roll 1, armoured
tail, reflexive curl
a: Rolling Charge


You were on level 5 of the Dungeon.
You visited 1 branch of the dungeon, and saw 5 of its levels.

You collected 242 gold pieces.

Inventory:

Hand Weapons
 b - a +6 whip
   (You took it off an orc on level 3 of the Dungeon)
 l - a +0 dagger of venom
   (You took it off a goblin on level 2 of the Dungeon)
 r - a +2 mace of protection
   (You took it off Terence on level 2 of the Dungeon)
 u - a +0 whip
   (You found it on level 1 of the Dungeon)
Missiles
 s - 11 curare-tipped darts
Armour
 e - a +0 robe (worn)
 p - a +0 tower shield
   (You found it on level 2 of the Dungeon)
Magical Staves
 a - an uncursed staff of death (weapon)
   (You found it on level 4 of the Dungeon)
Jewellery
 f - a ring of poison resistance (left hand)
   (You found it on level 1 of the Dungeon)
 j - a +6 ring of dexterity (right hand)
   (You found it on level 1 of the Dungeon)
 k - an uncursed ring of ice
   (You found it on level 3 of the Dungeon)
Wands
 w - a wand of flame (8) {@v4}
   (You found it on level 4 of the Dungeon)
 x - a wand of disintegration (6)
   (You found it on level 5 of the Dungeon)
Scrolls
 d - a scroll of remove curse {@r2}
 g - a scroll of fog {unknown}
 i - a scroll of immolation {unknown}
 m - a scroll of random uselessness {unknown}
 q - a scroll of magic mapping {unknown}
 t - 2 scrolls of noise {unknown}
 y - a scroll of teleportation {unknown}
Potions
 c - 4 potions of lignification {@q6}
 h - 2 potions of attraction
 n - a potion of curing {@q1 !q}
 o - 2 potions of brilliance
 v - 2 potions of cancellation {unknown}


   Skills:
 - Level 2.0 Fighting
 - Level 1.5 Dodging
 - Level 1.2 Stealth
 + Level 4.2 Shields
 - Level 2.0 Spellcasting
 - Level 7.0 Necromancy


You had 5 spell levels left.
You knew the following spells:

 Your Spells              Type           Power        Failure   Level
a - Pain                  Necr           100%         1%          1
b - Vampiric Draining     Necr           18%          3%          3
c - Animate Skeleton      Necr           72%          1%          1

Your spell library contained the following spells:

 Spells                   Type           Power        Failure   Level
 Animate Dead             Necr           18%          12%         4
 Agony                    Necr           36%          32%         5


Dungeon Overview and Level Annotations

Branches:
Dungeon (5/15)
 Temple: D:4-7

Altars:

Annotations:
D:4 Dowan, Duvessa, Grinder


Innate Abilities, Weirdness & Mutations

You are completely covered in rugged brown scales. (AC +3, +7% HP)
You have supernaturally acute eyesight. (SInv)
Armour fits poorly on your strangely shaped body.
You can roll at nearby foes to attack.
You have a long armoured tail.
You curl defensively after being hit.


Message History

a +0 trident; an orc skeleton A worker ant zombie comes into view.
The worker ant zombie barely misses you.
You hit the worker ant zombie.
The worker ant zombie is moderately damaged.
The worker ant zombie completely misses you.
You hit the worker ant zombie.
The worker ant zombie is heavily damaged.
The worker ant zombie completely misses you.
You hit the worker ant zombie.
The worker ant zombie is heavily damaged.
The worker ant zombie bites you but does no damage.
A worker ant zombie is nearby!
A worker ant zombie is nearby!
You whack the worker ant zombie!
The worker ant zombie is almost destroyed.
The worker ant zombie closely misses you.
A worker ant zombie is nearby!
A worker ant zombie is nearby!
A worker ant zombie is nearby!
You hit the worker ant zombie.
You destroy the worker ant zombie!
A centaur skeleton is nearby!
A centaur skeleton is nearby!
A centaur skeleton is nearby!
The centaur skeleton hits you.
You whack the centaur skeleton!
The centaur skeleton is moderately damaged.
The centaur skeleton hits you.
The centaur skeleton hits you but does no damage.
You hit the centaur skeleton but do no damage.
You tail-slap the centaur skeleton, but do no damage.
The centaur skeleton is moderately damaged.
The centaur skeleton hits you!
You hit the centaur skeleton.
The centaur skeleton is heavily damaged.
The centaur skeleton barely misses you.
You hit the centaur skeleton. You tail-slap the centaur skeleton!
The centaur skeleton is almost destroyed.
The centaur skeleton hits you. x2
You are too injured to fight recklessly!
You are too injured to fight recklessly!
You are too injured to fight recklessly!
You are too injured to fight recklessly!
A centaur skeleton is nearby!
A centaur skeleton is nearby!
You are too injured to fight recklessly!
You whack the centaur skeleton!
You destroy the centaur skeleton!
A centaur comes into view. It is wielding a +0 falchion.
A centaur is nearby!
A centaur is nearby!
You start resting.
A centaur is nearby!
The centaur shouts!
The centaur unwields a +0 falchion.
The centaur wields a +0 shortbow.
The centaur shoots an arrow.
The arrow hits you.
You see here an arrow.
You start resting.
The centaur shoots an arrow.
The arrow hits you!
a - an uncursed staff of death (weapon)
The centaur shoots an arrow.
The arrow hits you.
The centaur drinks a potion.
The centaur seems to grow stronger.
You see here an arrow.
The centaur unwields a +0 shortbow.
The centaur wields a +0 falchion.
The centaur closely misses you.
Casting: Pain (safe; 1% risk of failure)
Confirm with . or Enter, or press ? or * to list all spells.
Aiming: Vampiric Draining (dangerous; 3% risk of failure)
Press: ? - help, Shift-Dir - straight line, f - centaur
Aim: a centaur, wielding a +0 falchion and quivering 12 arrows (strong)
You feel a surge of power!
The centaur is moderately wounded.
You feel life coursing into your body.
The centaur hits you with a +0 falchion!!
The centaur barely misses you.
Casting: Vampiric Draining (dangerous; 3% risk of failure)
Confirm with . or Enter, or press ? or * to list all spells.
Aiming: Vampiric Draining (dangerous; 3% risk of failure)
Press: ? - help, Shift-Dir - straight line, f/p - centaur
Aim: a centaur, wielding a +0 falchion and quivering 12 arrows (moderately wounded, strong)
You feel a surge of power!
The centaur is heavily wounded.
You feel life coursing into your body.
The centaur hits you with a +0 falchion!!
* * * LOW HITPOINT WARNING * * *
Okay, then.
Okay, then.
Evoke which item? (* to show all) (? for menu, Esc to quit)
Okay, then.
Casting: Vampiric Draining (dangerous; 3% risk of failure)
Confirm with . or Enter, or press ? or * to list all spells.
Aiming: Vampiric Draining (dangerous; 3% risk of failure)
Press: ? - help, Shift-Dir - straight line, f/p - centaur
Aim: a centaur, wielding a +0 falchion and quivering 12 arrows (heavily wounded, strong)
You feel a surge of power!
The centaur is almost dead.
You feel life coursing into your body.
The centaur hits you with a +0 falchion!!
You die...

#.......# #.# .#.##
#.....#.# #.#......
#.....#.# #.#..#...
#.......# #.#.....#
........#.###........
..##.................
. #.#.#.####.#.###.
.........##(#.....
.##.....#c@(....#
#.....####.##.#
...... ..# # ......
#.. ###. .. ##


You could see a centaur (strong).

Vanquished Creatures
  A bullfrog (D:5)
  A scorpion (D:4)
  A hound (D:4)
  A bullfrog zombie (D:5)
  A centaur skeleton (D:5)
  2 orc priests
  Natasha (twice) (D:4)
  Terence (D:2)
  An iguana (D:4)
  3 orc wizards
  2 worker ants
  2 worker ant zombies (D:5)
  6 adders
  A shadow imp (D:5)
  An ooze (D:1)
  A worm (D:3)
  3 dart slugs
  2 leopard geckos
  17 orcs
  4 ball pythons
  3 giant cockroaches
  5 hobgoblins
  12 jackals
  4 quokkas
  9 bats
  5 frilled lizards
  7 goblins
  15 kobolds
  A quokka skeleton (D:4)
  15 rats
129 creatures vanquished.

Vanquished Creatures (others)
  Natasha (D:4)
1 creature vanquished.

Grand Total: 130 creatures vanquished

Notes
Turn   | Place    | Note
-------+----------+-------------------------------------------
     0 | D:1      | EnegeticOcto the Palentonga Necromancer began the quest for
                  | the Orb.
     0 | D:1      | Reached XP level 1. HP: 14/14 MP: 3/3
   417 | D:1      | Reached XP level 2. HP: 20/21 MP: 3/5
   801 | D:1      | Reached skill level 5 in Necromancy
   927 | D:1      | Reached XP level 3. HP: 18/27 MP: 2/6
  1099 | D:1      | Learned a level 3 spell: Vampiric Draining
  1101 | D:1      | Learned a level 1 spell: Animate Skeleton
  1790 | D:2      | Reached XP level 4. HP: 33/35 MP: 3/7
  2305 | D:2      | Noticed Terence
  2317 | D:2      | Killed Terence
  2318 | D:2      | Reached skill level 6 in Necromancy
  3034 | D:3      | Reached XP level 5. HP: 20/40 MP: 0/8
  3819 | D:4      | Killed Natasha
  3970 | D:4      | Reached skill level 7 in Necromancy
  4240 | D:3      | Reached skill level 1 in Fighting
  4324 | D:4      | Reached skill level 1 in Shields
  4324 | D:4      | Reached XP level 6. HP: 47/50 MP: 1/9
  4409 | D:4      | Noticed Grinder
  4491 | D:4      | Noticed Natasha
  4503 | D:4      | Killed Natasha
  4504 | D:4      | Reached skill level 2 in Fighting
  4560 | D:4      | Noticed Natasha
  4576 | D:4      | Killed Natasha
  4577 | D:4      | Reached skill level 2 in Shields
  4831 | D:4      | Noticed Dowan
  4856 | D:4      | Noticed Duvessa
  5718 | D:5      | Entered Level 5 of the Dungeon
  5920 | D:5      | Reached skill level 3 in Shields
  6014 | D:5      | Gained mutation: You curl defensively after being hit.
                  | [Palentonga growth]
  6014 | D:5      | Reached XP level 7. HP: 55/58 MP: 3/10
  6321 | D:5      | Reached skill level 4 in Shields
  6620 | D:5      | Mangled by a centaur

Illustrated notes

Levels and vault maps discovered:
D:1:      giann_bridges, layout_loops_cross, minmay_unequal
D:2:      layout_loops_ring, kennysheep_donut, uniq_terence
D:3:      layout_rooms
D:4:      layout_cave_pools, lemuel_old_faithful, uniq_natasha,
          uniq_crazy_yiuf_cottage, uniq_duvessa, uniq_grinder,
          uniq_blork_the_orc
D:5:      layout_loops_cross

Skill      XL: |  1  2  3  4  5  6  7 |
---------------+----------------------+-----
Necromancy     | 5 6 7 |  7.0
Fighting       | 1 2 |  2.0
Shields        | 1 3 4 |  4.2
Dodging        | |  1.5
Stealth        | |  1.2
Spellcasting   | |  2.0

Action                   |  1- 3 |  4- 6 |  7- 9 || total
-------------------------+-------+-------+-------++-------
Melee: Whip              |     3 |    12 |    20 ||    35
       Dagger            |       |    27 |       ||    27
       Tailslap          |       |     9 |     2 ||    11
       Staff             |       |    10 |     5 ||    15
 Cast: Pain              |    68 |   111 |    22 ||   201
       Vampiric Draining |       |    31 |     7 ||    38
  Use: Scroll            |       |     7 |       ||     7
Armor: Robe              |     9 |    21 |     6 ||    36
Dodge: Dodged            |    12 |    54 |    23 ||    89
